Map: Frost LE

Players

Impact - Winner!

  • Race: Terran Terran
  • League: Grandmaster

RunaMoK

  • Race: Terran Terran
  • League: Master

VOD

Have the link to the VOD?

Description

test

Time

  • Played on: June 19, 2016, 4:43 a.m.
  • Length: 9:55
Show
View Real Time Build Order
Export as new Build Order

Impact Terran - Winner!

Build Orders: Reaper Expand, MMM Bio 

Get SALT Encoding   

  12  0:00  SCV  
  13  0:13  SCV  
  14  0:17  Supply Depot  
  14  0:25  SCV  
  15  0:38  SCV  
  15  0:39  Barracks  
  16  0:44  Refinery  
  16  0:50  SCV  
  17  1:02  SCV  
  18  1:14  SCV  
  19  1:28  Orbital Command, Reaper  
  20  1:41  Command Center  
  20  1:53  Supply Depot, SCV  
  21  2:00  Marine  
  22  2:06  SCV  
  22  2:08  Factory  
  23  2:18  SCV  
  23  2:19  Refinery  
  23  2:23  Barracks Reactor  
  23  2:28  Marine  
  24  2:30  SCV  
  25  2:42  SCV  
  26  2:49  Barracks Reactor  
  26  2:55  Orbital Command  
  26  2:56  Hellion  
  26  2:57  SCV  
  28  3:00  Starport  
  28  3:11  SCV  
  28  3:22  SCV  
  28  3:23  SCV  
  28  3:26  Marine x2  
  30  3:35  SCV  
  30  3:36  Factory Tech Lab  
  30  3:38  Medivac  
  30  3:39  SCV  
  34  3:44  Marine x2  
  34  3:47  SCV  
  37  3:49  Barracks  
  37  3:51  Barracks  
  37  3:55  SCV  
  38  3:58  Siege Tank  
  38  3:59  SCV  
  42  4:03  Supply Depot  
  42  4:05  Supply Depot  
  42  4:07  SCV  
  43  4:13  Starport Reactor  
  43  4:15  SCV  
  44  4:19  SCV  
  44  4:21  Barracks Tech Lab  
  43  4:27  Engineering Bay, SCV  
  43  4:28  Refinery  
  45  4:31  SCV  
  45  4:32  Siege Tank  
  48  4:44  SCV x2  
  50  4:49  Marine, Barracks Reactor  
  51  4:57  SCV x2  
  51  4:59  Marine x2  
  55  5:00  Stimpack  
  55  5:03  Refinery  
  55  5:04  Supply Depot x2  
  55  5:07  Marine  
  55  5:09  SCV x2  
  57  5:21  SCV x2  
  57  5:24  Marine, Medivac x2  
  57  5:25  Marine  
  62  5:33  SCV x2  
  64  5:35  Supply Depot  
  64  5:45  SCV x2  
  64  5:49  Marine x3  
  69  5:57  SCV x2  
  69  6:00  Marine  
  69  6:01  Marine  
  69  6:02  Medivac x2  
  75  6:06  Supply Depot  
  75  6:07  Marine, Supply Depot  
  75  6:09  SCV x2  
  78  6:28  Siege Tank  
  78  6:29  Marine  
  78  6:30  Marine x3  
  78  6:32  Marine  
  86  6:47  Marine x3  
  86  6:48  Marine  
  86  6:49  Marine, Command Center  
  91  6:57  Missile Turret  
  91  6:58  Missile Turret  
  91  7:00  Siege Tank  
  91  7:01  Combat Shields  
  88  7:04  Missile Turret  
  88  7:05  Marine x3  
  88  7:06  Marine  
  88  7:07  Marine  
  86  7:19  Medivac  
  82  7:23  Marine x2  
  82  7:24  Barracks  
  82  7:26  Medivac, Barracks  
  82  7:28  Marine x3, Terran Infantry Weapons Level 1  
  89  7:31  SCV  
  90  7:41  Marine  
  85  7:46  Engineering Bay  
  85  7:47  Armory  
  85  7:49  Medivac  
  85  7:50  Marine  
  85  7:51  Marine x2  
  90  7:53  Marine  
  90  7:56  Medivac  
  93  8:03  Marine  
  94  8:08  Marine  
  94  8:09  Marine x2  
  94  8:11  Marine  
  94  8:19  Barracks Reactor x2  
  91  8:21  Marine  
  91  8:26  Marine x3  
  83  8:28  Marine  
  84  8:38  Siege Tank, Medivac x2  
  84  8:39  Marine  
  84  8:40  SCV x2  
  84  8:41  Orbital Command  
  94  8:44  Marine x3  
  94  8:46  Marine  
  98  8:56  Marine  
  98  9:02  Marine x3  
  102  9:04  Marine x4  
  105  9:10  Siege Tank  
  105  9:13  Medivac  
  105  9:14  Marine  
  109  9:21  SCV x3  
  109  9:22  Marine  
  109  9:24  Medivac  
  109  9:26  Marine  
  109  9:27  Marine x5  
  105  9:35  Supply Depot x2  
  105  9:37  Marine x2  
  107  9:43  Refinery  
  107  9:44  Refinery  
  107  9:50  Factory  
Show
View Real Time Build Order
Export as new Build Order

RunaMoK Terran 

Build Orders: Reaper Expand 

Get SALT Encoding   

  12  0:00  SCV  
  13  0:13  SCV  
  14  0:17  Supply Depot  
  14  0:25  SCV  
  15  0:39  SCV  
  15  0:40  Barracks  
  16  0:46  Refinery  
  16  0:51  SCV  
  17  1:03  SCV  
  18  1:15  SCV  
  19  1:28  Orbital Command  
  19  1:29  Reaper  
  20  1:44  Command Center  
  20  1:55  SCV  
  20  1:56  Supply Depot  
  20  2:01  Reaper  
  22  2:07  SCV  
  23  2:19  SCV  
  24  2:24  Factory  
  24  2:31  SCV  
  25  2:43  SCV  
  26  2:44  Barracks Reactor  
  26  2:55  SCV  
  27  2:58  Command Center  
  27  2:59  Orbital Command  
  27  3:11  SCV  
  27  3:22  Marine  
  27  3:23  Marine, Widow Mine  
  30  3:29  SCV x2  
  30  3:30  Starport  
  32  3:37  Refinery  
  32  3:41  SCV x2  
  32  3:42  Marine x2, Refinery  
  36  3:53  SCV x2  
  38  3:57  Widow Mine  
  38  4:00  Marine x2  
  42  4:05  SCV  
  42  4:06  SCV  
  43  4:10  Medivac  
  43  4:16  Supply Depot  
  45  4:17  SCV  
  45  4:22  Marine x2  
  45  4:23  SCV  
  49  4:27  Orbital Command  
  49  4:30  SCV  
  50  4:33  Factory Tech Lab  
  50  4:35  SCV  
  50  4:47  Marine x2  
  50  4:49  Viking  
  50  4:52  SCV x2  
  56  4:56  Barracks  
  56  4:57  Barracks  
  56  4:58  SCV  
  57  5:02  Supply Depot  
  57  5:04  SCV x2  
  59  5:11  SCV  
  58  5:16  Marine x2, Siege Tank, SCV x2  
  58  5:19  Viking  
  66  5:23  SCV  
  66  5:28  Engineering Bay, SCV x2  
  69  5:32  Engineering Bay  
  69  5:35  SCV  
  70  5:38  Marine x2  
  70  5:42  SCV  
  71  5:44  Refinery  
  71  5:48  Siege Tank  
  74  5:59  SCV  
  74  6:00  SCV x2  
  74  6:05  Barracks Reactor x2  
  74  6:06  Barracks Reactor  
  72  6:11  SCV  
  72  6:13  Terran Infantry Weapons Level 1  
  72  6:16  Terran Infantry Armor Level 1, Supply Depot x2  
  72  6:17  SCV x2, Barracks  
  72  6:18  Barracks Tech Lab  
  75  6:19  Viking  
  75  6:20  Barracks  
  77  6:35  SCV  
  77  6:37  Viking, SCV x2  
  77  6:38  Sensor Tower  
  80  6:47  Marine x2  
  80  6:49  Viking  
  83  6:57  SCV x3  
  74  7:10  Marine x3  
  74  7:13  Marine  
  78  7:16  Marine  
  78  7:18  Barracks Reactor x2  
  78  7:19  Stimpack, Medivac  
  79  7:23  Orbital Command  
  79  7:27  Medivac  
  79  7:28  Marine x3  
  83  7:30  SCV x2  
  84  7:42  SCV x2  
  84  7:43  Missile Turret  
  85  7:51  Marine x2  
  85  7:52  Marine, Sensor Tower  
  85  7:54  SCV x2  
  85  7:58  Marine x2  
  84  8:07  Marine  
  84  8:08  Marine  
  84  8:09  Marine x5  
  86  8:15  Marine  
  87  8:21  Engineering Bay  
  87  8:23  Armory  
  87  8:26  SCV x3  
  90  8:28  Medivac  
  90  8:33  Medivac  
  93  8:35  Refinery  
  93  8:36  Supply Depot  
  93  8:38  SCV x3  
  90  8:50  SCV x3  
  92  9:02  SCV x2  
  91  9:14  Marine x3  
  91  9:15  Marine x4  
  97  9:21  Marine x2  
  87  9:31  SCV x2  
  87  9:32  Marine x5, Barracks  
  87  9:33  Marine x2  
  87  9:35  Refinery  
  87  9:36  Missile Turret  
  96  9:41  SCV  
  96  9:43  SCV  
  101  9:51  Supply Depot  
  101  9:52  Supply Depot  
Tags
 
Add a new tag
Caveats
  • Supply blocks, unpowered buildings, or Contaminate may cause inaccurate times.
  • Supply counts are checked every 10 seconds.